 Dungeon Crawl Stone Soup version 0.21.0-3-g78d12a8 (webtiles) character file.

760 mortelune the Conjurer (level 7, -4/50 HPs)
             Began as a Yellow Draconian Fire Elementalist on Jan 10, 2018.
             Was a Follower of Vehumet.
             Slain by a worker ant (5 damage)
             ... on level 5 of the Dungeon.
             The game lasted 00:15:54 (6190 turns).

mortelune the Conjurer (DrFE)                       Turns: 6190, Time: 00:15:54

Health: -4/50      AC:  7    Str: 11    XL:     7   Next: 50%
Magic:  1/13       EV: 12    Int: 17    God:    Vehumet [*.....]
Gold:   122        SH:  0    Dex: 11    Spells: 4/14 levels left

rFire    . . .     SeeInvis .   u - +4 Vampire's Tooth {vamp}
rCold    . . .     Gourm    .   (no shield)
rNeg     . . .     Faith    .   (armour unavailable)
rPois    .         Spirit   .   (helmet restricted)
rElec    .         Reflect  .   (no cloak)
rCorr    +         Harm     .   v - +0 pair of gloves
MR       .....                  (no boots)
Stlth    ++........             (no amulet)
HPRegen  0.16/turn              g - ring of resist corrosion
MPRegen  0.13/turn              o - ring of wizardry

@: lethally poisoned (-4 -> -6), invisible
A: spit acid, acid resistance, unfitting armour, cold-blooded, AC +6
a: Breathe Acid, Renounce Religion


You were on level 5 of the Dungeon.
You worshipped Vehumet.
Vehumet was aware of your devotion.
You were not hungry.

You visited 2 branches of the dungeon, and saw 6 of its levels.

You collected 122 gold pieces.

Inventory:

Hand Weapons
 c - a +0 hand axe
 u - the +4 Vampire's Tooth (weapon) {vamp}
   (You found it on level 5 of the Dungeon)

   It inflicts no extra harm, but heals its wielder when it wounds a living foe.
Armour
 v - a +0 pair of gloves (worn)
Magical Staves
 p - an uncursed staff of fire
Jewellery
 g - a ring of resist corrosion (left hand)
 o - a ring of wizardry (right hand)
Scrolls
 f - a scroll of blinking {unknown}
 h - 3 scrolls of identify {unknown}
 i - 2 scrolls of remove curse {unknown}
 k - 5 scrolls of teleportation {unknown}
 m - a scroll of fear {unknown}
 q - a scroll of enchant weapon {unknown}
 s - a scroll of amnesia {unknown}
 t - a scroll of immolation {unknown}
Potions
 d - a potion of invisibility
 e - 2 potions of mutation {unknown}
 j - a potion of agility {unknown}
 l - 2 potions of curing {unknown}
 n - a potion of heal wounds {unknown}
 r - a potion of cancellation {unknown}
Books
 a - a book of Flames

   Spells                             Type                      Level
   a - Flame Tongue                   Conjuration/Fire             1
   b - Throw Flame                    Conjuration/Fire             2
   c - Conjure Flame                  Conjuration/Fire             3
   d - Inner Flame                    Hexes/Fire                   3
   e - Sticky Flame                   Conjuration/Fire             4
   f - Fireball                       Conjuration/Fire             5
Comestibles
 b - 3 rations
 w - a chunk of flesh


   Skills:
 - Level 1.7 Dodging
 - Level 1.7 Stealth
 + Level 4.2 Spellcasting
 * Level 6.0 Conjurations
 + Level 5.1 Fire Magic


You had 4 spell levels left.
You knew the following spells:

 Your Spells              Type           Power        Failure   Level  Hunger
a - Flame Tongue          Conj/Fire      ###..        1%          1    None
b - Throw Flame           Conj/Fire      ###...       1%          2    ##.....
c - Conjure Flame         Conj/Fire      ###.....     1%          3    ###....
d - Sticky Flame          Conj/Fire      ###.....     6%          4    ####...


Dungeon Overview and Level Annotations

Branches:
Dungeon (5/15)             Temple (1/1) D:4

Altars:
Cheibriados
Makhleb
Okawaru
Vehumet
Xom
Zin

Annotations:
D:3 exclusion: downstairs
D:4 Sigmund
D:5 Edmund


Innate Abilities, Weirdness & Mutations

You can spit globs of acid.
You are resistant to acid.
Your golden yellow scales are hard. (AC +6)
You cannot fit into any form of body armour.
You are cold-blooded and may be slowed by cold attacks.


Message History

Confirm with . or Enter, or press ? or * to list all spells.
Aiming: Flame Tongue
Press: ? - help, Shift-Dir - straight line, f/p - Edmund
Aim: Edmund, wielding a flail of protection and wearing a glowing chain mail (almost dead)
The flame tongue hits Edmund.
Edmund appears unharmed.
Edmund is almost dead.
You feel sick. Edmund barely misses you. The worker ant misses you.
You hit Edmund but do no damage.
Edmund is almost dead.
The worker ant bites you!
* * * LOW HITPOINT WARNING * * *
Edmund hits you with a flail of protection.
* * * LOW HITPOINT WARNING * * *
You hit Edmund but do no damage.
Edmund is almost dead.
The worker ant completely misses you.
It was a potion of invisibility.
You fade into invisibility!
Edmund closely misses you. The worker ant bites you.
You die...

. . ## .## #. #.## ##. #...#
##. #..###..###...##... ##
##......# #........ ..
##..###..# #.......
...##.##....a#.## #.....#
.........#..@@..###.....#
#.......####..#.........#
##........##..#.........##
#.....#.....##.##.......#
......####...#..##.#.###.....
#..... ##....##.##.# ##.##
#..... ##...#####.# .# ..#..#
#...##....#### .#
##..#####....# .###


You could see Edmund and a worker ant.

Vanquished Creatures
  An ice beast (D:5)
  An ogre (D:5)
  A scorpion (D:5)
  2 vampire bats (D:5)
  2 crimson imps (D:5)
  A centaur zombie (D:5)
  A bullfrog zombie (D:5)
  A bullfrog skeleton (D:5)
  2 orc wizards
  Ijyb (D:2)
  Natasha (thrice) (D:2)
  2 worker ants
  An adder (D:3)
  3 oozes
  3 worms
  A dart slug (D:2)
  2 leopard geckos
  2 orcs (D:5)
  3 giant cockroaches
  5 hobgoblins
  3 jackals (D:4)
  2 quokkas
  3 ball pythons
  9 bats
  2 frilled lizards (D:2)
  2 goblins (D:2)
  6 kobolds
  5 rats
70 creatures vanquished.

Notes
Turn   | Place    | Note
-------+----------+-------------------------------------------
     0 | D:1      | mortelune the Draconian Fire Elementalist began the quest for the Orb.
     0 | D:1      | Reached XP level 1. HP: 14/14 MP: 3/3
   553 | D:2      | Reached XP level 2. HP: 20/20 MP: 1/5
   610 | D:1      | Learned a level 2 spell: Throw Flame
   851 | D:2      | Reached skill level 2 in Conjurations
  1025 | D:2      | Noticed Natasha
  1293 | D:2      | Reached XP level 3. HP: 26/26 MP: 1/6
  1432 | D:2      | Learned a level 3 spell: Conjure Flame
  1747 | D:2      | Killed Natasha
  2169 | D:2      | Noticed Natasha
  2179 | D:2      | Killed Natasha
  2179 | D:2      | Reached skill level 3 in Conjurations
  2179 | D:2      | Reached XP level 4. HP: 22/33 MP: 0/8
  2637 | D:2      | Noticed Natasha
  2645 | D:2      | Killed Natasha
  3447 | D:3      | Reached XP level 5. HP: 38/38 MP: 2/9
  3557 | D:3      | Found a burning altar of Makhleb.
  3557 | D:3      | Found an iron altar of Okawaru.
  3588 | D:3      | Noticed Ijyb
  3614 | D:2      | Killed Ijyb
  3890 | D:4      | Found a staircase to the Ecumenical Temple.
  3899 | Temple   | Entered the Ecumenical Temple
  3976 | Temple   | Became a worshipper of Vehumet
  4101 | D:4      | Reached skill level 4 in Conjurations
  4108 | D:4      | Noticed Sigmund
  4578 | D:5      | Entered Level 5 of the Dungeon
  4673 | D:5      | Reached XP level 6. HP: 45/45 MP: 7/10
  4851 | D:5      | Learned a level 4 spell: Sticky Flame
  5077 | D:5      | Reached skill level 5 in Conjurations
  5327 | D:5      | Noticed an ice beast
  5339 | D:5      | Killed an ice beast
  5339 | D:5      | Your scales start taking on a golden yellow colour.
  5339 | D:5      | Reached XP level 7. HP: 50/50 MP: 3/12
  5831 | D:5      | Found the +4 Vampire's Tooth {vamp}
  5904 | D:5      | Reached * piety under Vehumet
  5904 | D:5      | Offered knowledge of Sting by Vehumet.
  5904 | D:5      | Reached skill level 5 in Fire Magic
  5971 | D:5      | Reached skill level 6 in Conjurations
  6162 | D:5      | Noticed Edmund
  6188 | D:5      | HP: 1/50 [Edmund/flail of protection (4)]
  6190 | D:5      | Slain by a worker ant

Skill      XL: |  1  2  3  4  5  6  7 |
---------------+----------------------+-----
Conjurations   | 2 3 4 5 6 |  6.0
Spellcasting   | 3 4 |  4.2
Fire Magic     | 4 5 |  5.1
Dodging        | |  1.7
Stealth        | |  1.7

Action                   |  1- 3 |  4- 6 |  7- 9 || total
-------------------------+-------+-------+-------++-------
Melee: Hand axe          |    11 |       |    26 ||    37
       Tailslap          |     1 |     2 |     6 ||     9
       Staff             |       |    31 |       ||    31
       Dagger            |       |       |    37 ||    37
 Cast: Flame Tongue      |    57 |    70 |    18 ||   145
       Throw Flame       |     2 |    15 |     6 ||    23
       Conjure Flame     |       |     2 |       ||     2
       Sticky Flame      |       |     1 |     3 ||     4
  Use: Potion            |       |       |     1 ||     1
  Eat: Chunk             |     5 |     4 |     1 ||    10
       Ration            |       |     2 |     2 ||     4
Armor: Skin              |     5 |    14 |    20 ||    39
Dodge: Dodged            |    30 |    32 |    49 ||   111
